 Dungeon Crawl Stone Soup version 0.27.1-34-g3ba077fa99 (webtiles) character file.

Game seed: 9745454327504293620

3514 cbfl8 the Protected (level 9, -9/81 HPs)
             Began as a Minotaur Delver on Jan 26, 2022.
             Was a Priest of Yredelemnul.
             Killed from afar by Maggie (21 damage)
             ... with a bolt of fire
             ... on level 8 of the Dungeon.
             The game lasted 00:25:11 (11443 turns).

cbfl8 the Protected (Minotaur Delver)              Turns: 11443, Time: 00:25:13

Health: -9/81      AC: 14    Str: 20    XL:     9   Next: 81%
Magic:  9/9        EV:  5    Int:  7    God:    Yredelemnul [***...]
Gold:   501        SH: 11    Dex: 12    Spells: 8/8 levels left

rFire    . . .     SeeInvis +   w - +2 dagger (flame)
rCold    . . .     Faith    +   L - +2 kite shield
rNeg     . . .     Spirit   .   j - +0 plate armour
rPois    .         Reflect  .   (helmet restricted)
rElec    .         Harm     .   (no cloak)
rCorr    .         Rampage  .   (no gloves)
Will     .....                  (no boots)
Stlth    ..........             F - amulet of faith
HPRegen  0.23/turn              k - ring of see invisible
MPRegen  0.11/turn              (no ring)

@: about to teleport, attractive, mesmerised
A: horns 2, retaliatory headbutt
a: Renounce Religion, Recall Undead Slaves, Injury Mirror, Animate Dead


You were on level 8 of the Dungeon.
You worshipped Yredelemnul.
Yredelemnul was most pleased with you.
You visited 2 branches of the dungeon, and saw 9 of its levels.
You also visited: Ossuary.

You collected 501 gold pieces.

Inventory:

Hand Weapons
 a - a +0 hand axe
 t - a +0 vorpal mace
 w - a +2 dagger of flaming (weapon)
 B - a +0 falchion of freezing
 N - a +2 dagger of electrocution
 O - a +0 antimagic hand axe
Missiles
 h - 249 stones (quivered)
 l - 14 bolts
 s - 44 poisoned darts
 I - 26 arrows
Armour
 b - a +0 leather armour
 j - a +0 plate armour (worn)
 J - a +0 pair of gloves
 L - a +2 kite shield (worn)
Magical Staves
 H - a staff of earth
Jewellery
 k - a ring of see invisible (left hand)
 F - an amulet of faith (around neck)
 G - an amulet of the acrobat
Wands
 g - a wand of digging (3)
 o - a wand of acid (11)
 E - a wand of flame (50)
 K - a wand of paralysis (6)
Scrolls
 c - 2 scrolls of fog
 n - 2 scrolls of amnesia
 p - 2 scrolls of vulnerability
 r - a scroll of enchant armour {unknown}
 y - a scroll of teleportation
 z - 2 scrolls of blinking
 C - a scroll of torment {unknown}
 M - a scroll of immolation {unknown}
 P - a scroll of identify
Potions
 e - a potion of ambrosia {unknown}
 f - 2 potions of haste
 i - a potion of lignification {unknown}
 m - a potion of degeneration {unknown}
 u - 3 potions of flight
 v - a potion of brilliance {unknown}
 x - 3 potions of might {unknown}
 A - a potion of heal wounds
 D - 3 potions of resistance {unknown}


   Skills:
 + Level 7.8 Fighting
 + Level 6.9 Short Blades
 + Level 6.0 Axes
 + Level 0.4(3.7) Maces & Flails
 + Level 10.2 Armour
 + Level 2.8 Dodging
 + Level 5.1 Stealth
 + Level 2.9 Shields
 + Level 1.8 Invocations


You had 8 spell levels left.
You didn't know any spells.
Your spell library contained the following spells:

 Spells                   Type           Power      Damage    Failure   Level
 Beastly Appendage        Tmut           0%         N/A       100%        1
 Pain                     Necr           0%         1d4       100%        1
 Corpse Rot               Necr/Air       N/A        N/A       100%        2
 Poisonous Vapours        Pois/Air       0%         N/A       100%        2
 Slow                     Hex            0%         N/A       100%        2
 Wereblood                Tmut           0%         N/A       100%        2
 Confusing Touch          Hex            0%         N/A       100%        3
 Gell's Gravitas          Tloc           0%         N/A       100%        3
 Lesser Beckoning         Tloc           0%         N/A       100%        3
 Spider Form              Tmut/Pois      0%         N/A       100%        3
 Teleport Other           Tloc           0%         N/A       100%        3
 Vampiric Draining        Necr           0%         2d6       100%        3
 Agony                    Necr           0%         N/A       100%        5
 Excruciating Wounds      Necr           0%         N/A       100%        5
 Freezing Cloud           Conj/Ice/Air   0%         6-21      100%        5


Dungeon Overview and Level Annotations

Branches:
Dungeon (8/15)             Temple (1/1) D:6         Ossuary (visited)
   Lair: D:8-11

Altars:
Ashenzari
Cheibriados
Dithmenos
Elyvilon
Fedhas
Gozag
Hepliaklqana
Kikubaaqudgha
Makhleb
Nemelex Xobeh
Okawaru
Qazlal
Sif Muna
Trog
Uskayaw
Vehumet
Wu Jian
Xom
Yredelemnul
Zin
The Shining One

Shops:
D:5 =

Annotations:
D:8 Maggie


Innate Abilities, Weirdness & Mutations

You have a pair of horns on your head.
You reflexively headbutt those who attack you in melee.


Message History

You feel better.
Your wyvern zombie closely misses Maggie.
You block Maggie's attack.
Your kobold brigand zombie hits Maggie but does no damage.
Okay, then.
Okay, then.
You cannot move away from Maggie!
You hit Maggie but do no damage. You headbutt Maggie.
Maggie is heavily wounded.
Your wyvern zombie barely misses Maggie.
Maggie hits you with a +0 glaive!
* * * LOW HITPOINT WARNING * * *
Your wyvern zombie bites Maggie!
Okay, then.
It was a potion of attraction.
You feel attractive to monsters.
Your kobold brigand zombie hits Maggie with a +0 club.
Maggie drinks a potion.
Maggie is healed!
Your wyvern zombie closely misses Maggie.
As you read the scroll of teleportation, it crumbles to dust.
You feel strangely unstable.
Your wyvern zombie barely misses Maggie.
You block Maggie's attack.
Your kobold brigand zombie hits Maggie but does no damage.
You cannot move away from Maggie!
You cannot move away from Maggie!
You cannot move away from Maggie!
You cannot move away from Maggie!
You hit Maggie but do no damage. Your headbutt misses Maggie.
Maggie is moderately wounded.
Your wyvern zombie barely misses Maggie.
Maggie barely misses you.
Your kobold brigand zombie barely misses Maggie.
You hit Maggie but do no damage.
Maggie is moderately wounded.
Your wyvern zombie bites Maggie.
Maggie gestures at you while chanting. The bolt of fire hits you!!
You die...
Your body rises from the dead as a mindless zombie.

..8.....8...#
............#
............#
8....∩....8.#
............#
............#
..8....Z8...#
.....8@@Z..# ####
..#.###Z.### ... #
###Z.# .# #.##.Z.#
.# ######....Z##
#######.......#Z##
)..Z.Z..##.####.#
##)#######.# #.#
..Z#######.# #.#


You could see Maggie (mesmerising, ally target), a friendly wyvern zombie, 3
friendly kobold zombies, a friendly kobold brigand zombie and 2 friendly orc
zombies.

Vanquished Creatures
  Grinder (D:4)
  Sigmund (D:2)
  3 yaks (D:8)
  A wyvern (D:8)
  Menkaure (D:7)
  3 water moccasins
  2 orc warriors
  A black bear (D:5)
  3 ogres
  A phantom (D:5)
  A kobold brigand (D:8)
  A bullfrog (D:6)
  An elf zombie (Ossuary)
  A wyvern zombie (D:6)
  4 scorpions
  A water moccasin zombie (D:5)
  A water moccasin skeleton (D:3)
  3 wights (D:7)
  2 centaur zombies
  2 jellies (D:6)
  A human zombie (Ossuary)
  2 centaur skeletons
  2 orc priests
  A gnoll shaman (D:7)
  4 iguanas
  4 orc wizards
  3 mummies
  Robin (D:4)
  9 adders
  6 gnolls
  3 adder zombies (Ossuary)
  2 worms
  A dart slug (D:1)
  18 orcs
  8 ball pythons
  9 bats
  8 endoplasms
  4 giant cockroaches
  15 goblins
  7 hobgoblins
  8 jackals
  7 quokkas
  3 frilled lizards
  2 goblin zombies (Ossuary)
  13 hobgoblin zombies (Ossuary)
  10 kobolds
  10 kobold zombies (Ossuary)
  6 orc zombies (Ossuary)
  A quokka skeleton (D:4)
  A rat (D:1)
203 creatures vanquished.

Vanquished Creatures (collateral kills)
  2 orcs
  A kobold (D:8)
3 creatures vanquished.

Vanquished Creatures (others)
  A yak skeleton (D:8)
  A gnoll zombie (D:7)
  2 orc zombies (D:8)
  9 plants (D:3)
13 creatures vanquished.

Grand Total: 219 creatures vanquished

Notes
Turn   | Place    | Note
-------+----------+-------------------------------------------
     0 | D:5      | cbfl8 the Minotaur Delver began the quest for the Orb.
     0 | D:5      | Reached XP level 1. HP: 19/19 MP: 0/0
   136 | D:2      | Reached XP level 2. HP: 13/27 MP: 1/1
   418 | D:1      | Reached XP level 3. HP: 33/33 MP: 2/2
   880 | D:1      | Found a faded altar of an unknown god.
  1104 | D:1      | Reached skill level 1 in Armour
  1624 | D:2      | Reached XP level 4. HP: 31/40 MP: 3/3
  1659 | D:2      | Reached skill level 2 in Armour
  1872 | D:2      | Reached skill level 5 in Stealth
  1977 | D:2      | Noticed Sigmund
  1997 | D:2      | Killed Sigmund
  1998 | D:2      | Reached skill level 3 in Armour
  1998 | D:2      | Reached XP level 5. HP: 20/47 MP: 4/4
  2283 | D:2      | Reached XP level 6. HP: 53/53 MP: 5/5
  3028 | D:3      | Reached skill level 5 in Axes
  3047 | D:3      | Found a white marble altar of Elyvilon.
  3228 | D:3      | Reached skill level 4 in Armour
  4487 | D:4      | Reached XP level 7. HP: 60/60 MP: 6/6
  4487 | D:4      | Noticed Robin
  4512 | D:4      | Killed Robin
  5092 | D:5      | Noticed Grinder
  5110 | D:4      | Reached skill level 1 in Short Blades
  5110 | D:4      | Reached skill level 5 in Armour
  5291 | D:4      | Reached skill level 5 in Fighting
  5537 | D:5      | Paralysed by Grinder for 3 turns
  5547 | D:5      | Paralysed by Grinder for 2 turns
  5556 | D:5      | HP: 2/61 [Grinder (6)]
  5569 | D:4      | Killed Grinder
  5570 | D:4      | Reached skill level 6 in Armour
  5570 | D:4      | Reached XP level 8. HP: 16/70 MP: 7/7
  6254 | D:5      | Found Fuin's Jewellery Shop.
  6711 | D:6      | Reached skill level 7 in Armour
  6835 | D:6      | Found a staircase to the Ecumenical Temple.
  6847 | Temple   | Entered the Ecumenical Temple
  7021 | Temple   | Became a worshipper of Yredelemnul the Dark
  7243 | D:6      | HP: 2/70 [orc warrior (9)]
  7338 | D:6      | Found an opulent altar of Gozag.
  7696 | D:6      | Found an ancient bone altar of Kikubaaqudgha.
  7697 | D:6      | Found an iron altar of Okawaru.
  7697 | D:6      | Found a radiant altar of Vehumet.
  7697 | D:6      | Found a shadowy altar of Dithmenos.
  7698 | D:6      | Found a blossoming altar of Fedhas.
  7700 | D:6      | Found a hide-covered altar of Uskayaw.
  7810 | D:6      | Reached skill level 8 in Armour
  8019 | D:6      | Reached skill level 5 in Short Blades
  8591 | D:7      | Noticed Menkaure
  8597 | D:7      | Killed Menkaure
  8604 | D:7      | Reached XP level 9. HP: 71/78 MP: 8/8
  8647 | D:7      | Found an ornate altar of the Wu Jian Council.
  8698 | D:7      | Found a sand-covered staircase.
  8709 | Ossuary  | Entered an ossuary
  8746 | Ossuary  | Reached * piety under Yredelemnul
  8914 | Ossuary  | Reached ** piety under Yredelemnul
  9134 | D:7      | Reached skill level 9 in Armour
 10734 | D:8      | Reached skill level 1 in Shields
 10751 | D:8      | Reached skill level 10 in Armour
 11139 | D:8      | Reached skill level 1 in Invocations
 11141 | D:8      | Reached *** piety under Yredelemnul
 11163 | D:8      | Received a gift from Yredelemnul (a mummy)
 11429 | D:8      | Noticed Maggie
 11443 | D:8      | Killed from afar by Maggie

Illustrated notes

Levels and vault maps discovered:
D:1:      dpeg_arrival_more_subterranean_lakeside_camping, layout_loops_corners,
          ebering_ecumenical_altar_sacrificial
D:2:      layout_basic, fountainhead, minmay_misc_feat_chi, st_stairs_8,
          uniq_sigmund
D:3:      layout_loops_ring, nicolae_elyvilon_temple_path,
          minmay_shallow_snake_nest
D:4:      layout_basic, uniq_robin
D:5:      layout_cave_pools, serial_shops, nicolae_square_shop, uniq_grinder
D:6:      layout_basic, minitemple, minmay_temple_entry_glass
D:7:      layout_cave_pools, nzn_wu_jian_contemplation,
          gup_ossuary_entry_pyramid, uniq_menkaure
D:8:      layout_rooms, enter_bailey_6, uniq_maggie
Temple:   minmay_temple_bridge_abc

Skill      XL: |  1  2  3  4  5  6  7  8  9 |
---------------+----------------------------+-----
Fighting       | 4 5 6 7 |  7.8
Armour         | 1 3 4 6 8 10 | 10.2
Axes           | 4 5 6 |  6.0
Stealth        | 5 |  5.1
Short Blades   | 3 5 6 |  6.9
Shields        | 2 |  2.9
Invocations    | 1 |  1.8
Maces & Flails | |  0.4
Dodging        | |  2.8

Action                   |  1- 3 |  4- 6 |  7- 9 || total
-------------------------+-------+-------+-------++-------
Melee: Hand axe          |    70 |    91 |       ||   161
       Headbutt          |    19 |    32 |   111 ||   162
       Dagger            |       |    58 |   544 ||   602
       Mace              |       |     1 |       ||     1
Invok: Animate Remains   |       |       |     6 ||     6
       Animate Dead      |       |       |     2 ||     2
       Recall Undead Sla |       |       |     1 ||     1
  Use: Potion            |       |       |     9 ||     9
       Scroll            |       |       |     8 ||     8
 Stab: Sleeping          |     1 |       |       ||     1
       Distracted        |       |       |     2 ||     2
Armor: Plate armour      |    69 |    85 |   337 ||   491
       Leather armour    |     2 |       |       ||     2
Dodge: Dodged            |    28 |    42 |   171 ||   241
Block: Kite shield       |       |       |    74 ||    74
